← All builds
Geo / Cortex / Economy first / OBSERVED BUILD

Standard geo

Cortex Geo build order · Supreme Isthmus

The role's baseline: fast bot lab and geothermal into T2 constructor and advanced bot lab, blowing the commander for T2 tech and bringing Sheldons or Arbiters/Sumos to front while supplying teammates with constructors.

Usually blows up the commander for T2 (68%)

#eco #t2 #team support · 263 distinct matches · 95 players · 34% of Cortex Geo games · team won 45% of 269 · Recently observed

THE CATCH, AND WHAT COMES WITH IT
  • ArbiterArbiter in 40%18% of all Geo games by then

Then transitions into Sheldon (25% of army), Sumo (8% of army).

HOW TO PLAY IT

Key timing: T2 bot lab by 8:03

  1. Open 3 mex into early Bot Lab and solar.
  2. Bring geothermal online fast to fund the tech rush.
  3. Finish Advanced Bot Lab to unlock T2 bot units.
  4. Push Sheldon (and Arbiter, Sumo) to front as the first T2 units.
  5. Switch into T2 construction bots to supply allies with T2 cons.

Phase by phase

TYPICAL OF ITS 263 GAMES
  1. 1
  2. 2
  3. 3
  4. 4
PLAY THE OPENING

Follow the example game's first 6:00 step by step: what to build now, what comes next, and where it goes. At 1× it keeps pace with your own game.

  1. 1

    Up to the Bot Lab

    Economy
    • Metal Extractor3Mex
    • Wind Turbine4Wind
    Order
    1. Bot LabBot Lab after 3 mex, 4 winddone ~1:12, middle half 0:57–1:22

    By 0:52 in all: 3 mex · 4 wind

    The example game in this phase · 3 steps
    1. Mex ×3
    2. Wind ×2
    3. Bot LabBot Labdone 1:06 · typical 1:12
  2. 2

    Bot Lab to 5:00

    Economy
    • Metal Extractor1Mex
    • Wind Turbine4Wind
    • Energy Converter8Converter
    • Energy Storage1Energy storage
    Order
    1. Geothermal PowerplantGeo after 4 mex, 6 wind, 1 energy storage
    2. Bot LabEat Bot Lab
    Builders
    • Construction Turret5 Con turret
    • Graverobber4 Graverobber
    • Construction Bot2 Con bot
    • Construction Bot1 Con bot for allies
    • Graverobber1 Graverobber for allies

    By 5:00 in all: 4 mex · 7 wind · 1 geo · 8 converter · 1 energy storage · 5 con turret

    The example game in this phase · 29 steps
    1. Wind
    2. Construction BotCon botfor Beach sea
    3. Wind
    4. Construction BotCon bot
    5. Wind
    6. GraverobberGraverobberfor Beach sea
    7. Wind ×2
    8. GraverobberGraverobber
    9. Wind
    10. Mex
    11. Construction BotCon bot
    12. Energy storage
    13. GraverobberGraverobber
    14. Geothermal PowerplantGeodone 3:04 · typical 3:25
    15. Wind
    16. GraverobberGraverobber
    17. Wind
    18. Con turret
    19. Wind
    20. Con turret
    21. Converter ×4
    22. Wind
    23. Converter ×4
    24. Vehicle PlantVehicle Plantdone 4:14
    25. Wind
    26. Construction VehicleCon vehicle
    27. Advanced Vehicle PlantAdvanced Vehicle Plantdone 5:13
    28. Wind ×2
    29. Bot LabEat Bot Labreclaimed for its metal
  3. 3

    5:00 to Advanced Bot Lab

    Economy
    • Wind Turbine2Wind
    • Energy Converter2Converter
    Order
    1. Advanced Geothermal PowerplantAdvanced Geothermal Powerplant after 9 wind, 12 converter, 6 con turretin 58% of games
    2. Advanced Bot LabAdvanced Bot Lab after 13 wind, 12 converter, 6 con turretdone ~7:55, middle half 7:30–8:28

    Some games also: con turret (48%)

    By 7:14 in all: 4 mex · 12 wind · 1 geo · 1 Advanced Geothermal Powerplant · 12 converter · 1 energy storage

    The example game in this phase · 16 steps
    1. Vehicle PlantEat Vehicle Plantreclaimed for its metal
    2. Wind
    3. TzarTzarfor Ponddone 5:48
    4. Wind
    5. ObscurerJammerfor Pond
    6. SalamanderSalamanderfor Pond
    7. Wind
    8. SalamanderSalamanderfor Pond
    9. Wind
    10. Advanced Construction VehicleT2 con vehiclefor Suicide front
    11. Advanced Construction VehicleT2 con vehicle
    12. Wind
    13. Advanced Metal ExtractorT2 mexdone 7:40 · typical 5:39
    14. Advanced Metal ExtractorT2 mexdone 7:56
    15. Wind
    16. SalamanderSalamanderfor Pond
  4. 4

    Advanced Bot Lab to 10:00

    Economy
    • Energy Converter2Converter
    Army
    • Sheldon2 Sheldon

    Some games also: radar bot (49%) · jammer bot (48%) · T2 con bot for allies (45%) · wind (40%) · con turret (37%)

    By 10:00 in all: 4 mex · 17 wind · 1 geo · 1 Advanced Geothermal Powerplant · 16 converter · 1 energy storage

    The example game in this phase · 58 steps
    1. Wind
    2. SalamanderSalamanderfor Pond
    3. Advanced Metal ExtractorT2 mex
    4. Wind
    5. Con turret
    6. Wind
    7. Con turret
    8. Advanced Metal ExtractorT2 mex
    9. Con turret
    10. Wind
    11. Con turret
    12. Wind
    13. Advanced Geothermal PowerplantAdvanced Geothermal Powerplantdone 9:49 · typical 7:18
    14. Wind
    15. Metal storage
    16. Wind
    17. Radar TowerRadar Tower
    18. Wind
    19. GuardGuard
    20. T2 converter
    21. Con turret
    22. GuardGuard
    23. Con turret ×2
    24. Wind
    25. GuardGuard
    26. T2 converter
    27. GuardGuard
    28. Wind
    29. GuardGuard
    30. Con turret ×2
    31. Wind
    32. GuardGuard
    33. Fusion ReactorFusiondone 11:53
    34. Wind
    35. Advanced Vehicle PlantEat Advanced Vehicle Plantreclaimed for its metal
    36. Wind
    37. Bot LabBot Lab ×2done 11:56
    38. GruntGrunt ×5
    39. Wind
    40. GruntGrunt ×27
    41. Wind
    42. GruntGrunt ×26
    43. Wind
    44. GruntGrunt ×7
    45. Bot LabBot Labdone 12:59
    46. GruntGrunt ×16
    47. Wind
    48. GruntGrunt ×30
    49. Wind
    50. GruntGrunt ×30
    51. Wind
    52. GruntGrunt ×33
    53. Wind
    54. GruntGrunt ×33
    55. Wind
    56. GruntGrunt ×32
    57. Wind
    58. GruntGrunt ×6

Counts are medians over the build's games: half of them build more, half fewer. The example game is Alexspeed's (34 OS, 09/10/2026); pick another.

Team trades

IN AT LEAST 30% OF ITS GAMES

You hand over

  • Graverobber1 Graverobber to Beach seafirst at 2:19 · in 79% of games
  • Construction Bot1 Con bot to Beach seafirst at 2:35 · in 86% of games
  • Advanced Construction Bot1 T2 con bot to Suicide front or Frontfirst at 8:39 · in 54% of games

You get

  • Advanced Construction Bot1 T2 con bot from Techfirst at 4:56 · in 90% of games

How it plays out

Typical game of this build, running totals by minute

Metal produced

020k40k
0:005:0010:0015:00

metal

Enemy metal destroyed

05k10k
0:005:0010:0015:00

metal

Own metal lost

02k4k6k
0:005:0010:0015:00

metal

269 games.

Show as table
ByMetal produced: This buildEnemy metal destroyed: This buildOwn metal lost: This build
1:0034200
2:0087200
3:00150000
4:00265400
5:00369500
6:00556900
7:00783200
8:001089000
9:00138032144
10:0016680313180
11:00195321126710
12:002255922461386
13:002537939722317
14:002824957933935
15:003122976595192
WHAT THE NUMBERS SAY

Standard geo play wins less than half its games but builds a big eco lead, reaching nearly 31.5k metal production by 15:00.

  • + Metal production hits 16919 by 10:00, well ahead of most roles.
  • + Own metal lost stays near zero (260) by 10:00, a very safe tech rush.
  • − Team wins under half of games (46%).
  • − Enemy metal destroyed stays low (423) by 10:00, showing slow early impact.
THE EXAMPLE YOU ARE READING

Alexspeed

33.5 OS · 09/10/2026

Open source match ↗

2 received units · includes a constructor
3900 metal received · 86356 energy received

Allied construction assistance is unknown. Timings are observations, not a promise of solo reproducibility.

Typical milestones

Bot Lab1:12Middle 50%: 0:57–1:22 · n=268
Geothermal Powerplant3:25Middle 50%: 3:09–3:44 · n=268
Advanced Metal Extractor5:39Middle 50%: 5:20–6:05 · n=242
Advanced Geothermal Powerplant7:18Middle 50%: 6:54–7:47 · n=177
Advanced Bot Lab7:55Middle 50%: 7:30–8:28 · n=207
Sheldon8:42Middle 50%: 8:04–9:18 · n=177

Played most by

_Hawkey_20games of this buildzeus_on_god13games of this buildRogShotz12games of this buildAmrissa9games of this buildGodmother139games of this build